AoeStats
← Buzz Lightyear

MegaRandom

507203064Analyzed
4v4 RM · 16d ago on Sep 17, 2026· 50m 51s· 8 players
Game mode
Random Map
Map size
Large (8 player)
Population
200
Speed
Normal
Resources
Standard
Victory
Conquest
Starting age
Dark Age
Ending age
Imperial Age
RankedLock teamsTeams togetherTeam positionsShared explorationLock speedFull tech treeHidden civsTurbo modeCheats
Victory
Defeat
🇨🇴 Persians · Colombia
1261
+13
🇨🇴 Persians · Colombia
1255
+13
🇨🇴 Mongols · Colombia
1209
+16
🇨🇴 Bohemians · Colombia
1151
+18
🇨🇴 Britons · Colombia
1575
-27
🇨🇳 Wei · China
1236
-16
🇵🇪 Goths · Peru
1168
-14
🇨🇱 Aztecs · Chile
756
-3
860
6:17 Loom
8:34 Feudal Age
9:05 Double-Bit Axe
9:05 Horse Collar
19:55 Castle Age
19:42 Forging
19:38 Scale Barding Armor
21:30 Iron Casting
21:48 Chain Barding Armor
22:20 Bow Saw
22:47 Husbandry
22:58 Bloodlines
23:14 Heavy Plow
35:00 Wheelbarrow
35:42 Gold Mining
37:32 Tuntian
38:53 Hand Cart
40:17 Fletching
45:11 Gold Shaft Mining
46:48 Bodkin Arrow
47:22 Town Watch
51:51 Imperial Age
49:33 Stone Mining
Dremora
11:11 Feudal Age
14:59 Loom
21:58 Double-Bit Axe
CTMlLOMBANA
7:06 Loom
10:34 Feudal Age
14:45 Double-Bit Axe
16:06 Fletching
16:18 Padded Archer Armor
22:39 Castle Age
22:55 Crossbowman
25:02 Bodkin Arrow
26:38 Wheelbarrow
31:28 Leather Archer Armor
31:59 Gold Mining
32:55 Bow Saw
34:21 Hand Cart
35:16 Ballistics
39:05 Imperial Age
38:14 Horse Collar
39:21 Arbalester
42:02 Bracer
44:55 Chemistry
45:12 Yeomen
45:56 Gold Shaft Mining
46:28 Conscription
49:09 Ring Archer Armor
49:05 Forging
48:56 Scale Mail Armor
50:07 Pikeman
50:48 Squires
51:27 Iron Casting
Buzz Lightyear
7:32 Loom
10:35 Feudal Age
19:08 Castle Age
17:32 Double-Bit Axe
20:54 Bow Saw
20:27 Horse Collar
25:45 Town Watch
27:31 Forging
27:51 Pikeman
31:59 Iron Casting
35:25 Imperial Age
33:54 Wheelbarrow
33:47 Squires
34:50 Scale Mail Armor
35:47 Anarchy
36:22 Perfusion
36:44 Conscription
37:15 Chain Mail Armor
38:01 Blast Furnace
46:25 Halberdier
49:39 Fletching
SershMo
6:37 Loom
11:00 Feudal Age
12:12 Double-Bit Axe
14:08 Fletching
15:51 Padded Archer Armor
21:52 Horse Collar
24:15 Wheelbarrow
27:18 Castle Age
27:21 Crossbowman
28:00 Bodkin Arrow
28:20 Leather Archer Armor
28:12 Thumb Ring
29:17 Scale Barding Armor
33:24 Gold Mining
43:10 Ballistics
53:24 Imperial Age
Almesax
7:09 Loom
9:24 Feudal Age
9:49 Double-Bit Axe
14:55 Horse Collar
20:25 Castle Age
18:37 Gold Mining
19:32 Scale Barding Armor
20:17 Bloodlines
20:27 Forging
22:29 Chain Barding Armor
29:55 Husbandry
33:20 Iron Casting
38:38 Bow Saw
44:01 Heavy Plow
46:41 Wheelbarrow
Ct
11:17 Feudal Age
9:40 Loom
14:40 Double-Bit Axe
28:38 Castle Age
28:17 Scale Barding Armor
28:23 Forging
29:08 Elite Skirmisher
29:11 Crossbowman
29:57 Padded Archer Armor
29:48 Fletching
33:06 Sanctity
37:02 Imperial Age
36:48 Wheelbarrow
39:32 Hand Cart
41:30 Bow Saw
42:46 Elite Hussite Wagon
44:42 Wagenburg Tactics
Nomad
6:29 Loom
9:49 Feudal Age
11:15 Double-Bit Axe
15:05 Horse Collar
19:31 Wheelbarrow
23:10 Castle Age
22:09 Bloodlines
22:52 Forging
22:48 Scale Barding Armor
23:43 Husbandry
25:32 Gold Mining
28:00 Chain Barding Armor
31:15 Bow Saw
34:42 Iron Casting
40:26 Fletching
41:42 Hand Cart
44:15 Imperial Age
44:14 Heavy Plow
44:01 Cavalier
45:30 Plate Barding Armor
45:33 Conscription
46:42 Blast Furnace
46:41 Light Cavalry
47:52 Savar
49:40 Bodkin Arrow
50:01 Padded Archer Armor
Connection lost

Rejoining the realm…

Still unreachable

The connection could not be restored.

Session expired

The server has moved on; the page needs a fresh start.